PAAA
PORT ROYAL DISASTER @ FOREST CITY WARRIORS
08/03/2042
 
TOP OF THE 1ST
Port Royal Disaster batting - Pitching for Forest City Warriors : LHP Lawrence Lane
Pitching: LHP Lawrence Lane
Batting: RHB Sean Roberts 0-0: Ball
1-0: Bunt for hit to 15 - play at first, batter OUT! 1-3
Batting: RHB Michael Brannon 0-0: Swinging Strike
0-1: Called Strike
0-2: Fly out, F7 (Flyball, 7S, EV 85.6 MPH)
Batting: RHB Anson Darrah 0-0: Foul Ball, location: 2F
0-1: Ball
1-1: Called Strike
1-2: SINGLE (Flyball, 7S, EV 96.9 MPH)
Batting: RHB Bryant Dixon 0-0: SINGLE (Groundball, 6MD, EV 106.2 MPH)
Anson Darrah to second
Runner from 2nd tries for 3rd, SAFE, throw by CF made to third
Batting: RHB Sean Wallace 0-0: Ball
1-0: Swinging Strike
1-1: Ball
2-1: Foul Ball, location: 2F
2-2: Fly out, F7 (Flyball, 7S, EV 91.9 MPH)
Top of the 1st over - 0 runs, 2 hits, 0 errors, 2 left on base; Port Royal 0 - Forest City 0
BOTTOM OF THE 1ST
Forest City Warriors batting - Pitching for Port Royal Disaster : LHP Dean Cross
Pitching: LHP Dean Cross
Batting: RHB Dale Epner 0-0: Ball
1-0: Ground out 6-3 (Groundball, 6, EV 80.6 MPH)
Batting: SHB Esteban Piñeiro 0-0: Ball
1-0: Foul Ball, location: 2F
1-1: Ball
2-1: DOUBLE (Flyball, 78XD, EV 100.6 MPH)
Batting: RHB Charlie Cummings 0-0: Ball
Esteban Piñeiro steals 3rd base
1-0: Fly out, F9 (Flyball, 9S, EV 90.6 MPH)
Batting: RHB Cristo Correa Jr. 0-0: Ball
Wild Pitch!
Esteban Piñeiro scores
1-0: Ball
2-0: Ground out 1-3 (Groundball, 23, EV 80.6 MPH)
Bottom of the 1st over - 1 run, 1 hit, 0 errors, 0 left on base; Port Royal 0 - Forest City 1
TOP OF THE 2ND
Port Royal Disaster batting - Pitching for Forest City Warriors : LHP Lawrence Lane
Batting: RHB Tomás Martí 0-0: Ball
1-0: Fly out, F7 (Flyball, 7, EV 80.0 MPH)
Batting: RHB Mario Álvarez 0-0: Called Strike
0-1: Fly out, F8 (Flyball, 8LM, EV 81.9 MPH)
Batting: RHB Gerold Kent 0-0: Called Strike
0-1: Ball
1-1: Foul Ball, location: 2F
1-2: Fly out, F8 (Flyball, 8LS, EV 83.8 MPH)
Top of the 2nd over - 0 runs, 0 hits, 0 errors, 0 left on base; Port Royal 0 - Forest City 1
BOTTOM OF THE 2ND
Forest City Warriors batting - Pitching for Port Royal Disaster : LHP Dean Cross
Batting: LHB Danny Rodríguez 0-0: Ball
1-0: Ball
2-0: Foul Ball, location: 2F
2-1: Swinging Strike
2-2: Foul Ball, location: 2F
2-2: Fly out, F3 (Line Drive, 3, EV 66.9 MPH)
Batting: RHB Lawrence Stokes 0-0: Ball
1-0: Ball
2-0: Called Strike
2-1: Foul Ball, location: 2F
2-2: Ball
3-2: Fly out, F8 (Flyball, 8LXD, EV 76.2 MPH)
Batting: RHB José Álvarez 0-0: Ground out 5-3 (Groundball, 56, EV 78.8 MPH)
Bottom of the 2nd over - 0 runs, 0 hits, 0 errors, 0 left on base; Port Royal 0 - Forest City 1
TOP OF THE 3RD
Port Royal Disaster batting - Pitching for Forest City Warriors : LHP Lawrence Lane
Batting: RHB Louie Kennard 0-0: Ball
1-0: Ball
2-0: Fly out, F7 (Flyball, 7S, EV 91.9 MPH)
Batting: RHB Sean Roberts 0-0: Ball
1-0: Foul Ball, location: 2F
1-1: Ball
2-1: Ball
3-1: Called Strike
3-2: Strikes out looking
Batting: RHB Michael Brannon 0-0: Ball
1-0: Called Strike
1-1: Foul Ball, location: 2F
1-2: Foul Ball, location: 2F
1-2: Ball
2-2: Foul Ball, location: 2F
2-2: Ball
3-2: Foul Ball, location: 2F
3-2: Foul Ball, location: 2F
3-2: Fly out, F9 (Flyball, 89S, EV 93.1 MPH)
Top of the 3rd over - 0 runs, 0 hits, 0 errors, 0 left on base; Port Royal 0 - Forest City 1
BOTTOM OF THE 3RD
Forest City Warriors batting - Pitching for Port Royal Disaster : LHP Dean Cross
Batting: RHB Paco González 0-0: Ball
1-0: Ground out 5-3 (Groundball, 56, EV 103.8 MPH)
Batting: RHB Sam Hamilton 0-0: Foul Ball, location: 2F
0-1: Called Strike
0-2: Ball
1-2: Foul Ball, location: 2F
1-2: Ball
2-2: Ball
3-2: Strikes out swinging
Batting: RHB Dale Epner 0-0: Ball
1-0: Ball
2-0: Called Strike
2-1: Fly out, F8 (Flyball, 8LS, EV 90.0 MPH)
Bottom of the 3rd over - 0 runs, 0 hits, 0 errors, 0 left on base; Port Royal 0 - Forest City 1
TOP OF THE 4TH
Port Royal Disaster batting - Pitching for Forest City Warriors : LHP Lawrence Lane
Batting: RHB Anson Darrah 0-0: Ball
1-0: Foul Ball, location: 2F
1-1: Ball
2-1: Ball
3-1: SINGLE (Groundball, 34D, EV 96.9 MPH)
Batting: RHB Bryant Dixon 0-0: Ball
1-0: Foul Ball, location: 2F
1-1: Ball
2-1: Ball
3-1: Fly out, F7 (Flyball, 7D, EV 93.8 MPH)
Batting: RHB Sean Wallace 0-0: SINGLE (Flyball, 7S, EV 89.4 MPH)
Anson Darrah to second
Batting: RHB Tomás Martí 0-0: Ball
1-0: Fielders Choice at 2nd, 6-4 (Groundball, 6D, EV 89.4 MPH)
Anson Darrah to third
Batting: RHB Mario Álvarez 0-0: Foul Ball, location: 2F
0-1: Ball
1-1: Ball
2-1: Swinging Strike
2-2: Ball
3-2: SINGLE (Groundball, 6MD, EV 102.5 MPH)
Anson Darrah scores
Tomás Martí to second
Tomás Martí to third
Batting: RHB Gerold Kent 0-0: Ground out 6-3 (Groundball, 6S, EV 69.4 MPH)
Top of the 4th over - 1 run, 3 hits, 0 errors, 2 left on base; Port Royal 1 - Forest City 1
BOTTOM OF THE 4TH
Forest City Warriors batting - Pitching for Port Royal Disaster : LHP Dean Cross
Batting: SHB Esteban Piñeiro 0-0: Called Strike
0-1: Ball
1-1: Foul Ball, location: 2F
1-2: Fly out, F6 (Line Drive, 6, EV 71.2 MPH)
Batting: RHB Charlie Cummings 0-0: Foul Ball, location: 2F
0-1: Foul Ball, location: 2F
0-2: Ball
1-2: Ball
2-2: SINGLE (Line Drive, 78M, EV 105.0 MPH)
Batting: RHB Cristo Correa Jr. 0-0: Ball
1-0: Called Strike
1-1: Fly out, F9 (Flyball, 9, EV 90.0 MPH)
Batting: LHB Danny Rodríguez 0-0: Ball
1-0: Foul Ball, location: 2F
1-1: Foul Ball, location: 2F
1-2: Ball
2-2: Ball
3-2: Fly out, F8 (Flyball, 8LS, EV 88.8 MPH)
Bottom of the 4th over - 0 runs, 1 hit, 0 errors, 1 left on base; Port Royal 1 - Forest City 1
TOP OF THE 5TH
Port Royal Disaster batting - Pitching for Forest City Warriors : LHP Lawrence Lane
Batting: RHB Louie Kennard 0-0: Ball
1-0: Ground out 6-3 (Groundball, 6, EV 91.2 MPH)
Batting: RHB Sean Roberts 0-0: Ball
1-0: Foul Ball, location: 2F
1-1: Ground out 5-3 (Groundball, 56, EV 85.0 MPH)
Batting: RHB Michael Brannon 0-0: Foul Ball, location: 2F
0-1: Fly out, F8 (Flyball, 8RM, EV 79.4 MPH)
Top of the 5th over - 0 runs, 0 hits, 0 errors, 0 left on base; Port Royal 1 - Forest City 1
BOTTOM OF THE 5TH
Forest City Warriors batting - Pitching for Port Royal Disaster : LHP Dean Cross
Batting: RHB Lawrence Stokes 0-0: Ball
1-0: Ball
2-0: Ball
3-0: Base on Balls
Batting: RHB José Álvarez 0-0: Sac Bunt to 3S - play at first, batter OUT! 3-4
Lawrence Stokes to second
Batting: RHB Paco González 0-0: DOUBLE (Line Drive, 7LD, EV 107.5 MPH)
Lawrence Stokes scores
Batting: RHB Sam Hamilton 0-0: Foul Ball, location: 2F
0-1: Fly out, F8 (Flyball, 8LM, EV 89.4 MPH)
Batting: RHB Dale Epner 0-0: Ball
1-0: Ball
2-0: Ball
3-0: Called Strike
3-1: Base on Balls
Batting: SHB Esteban Piñeiro 0-0: Ball
1-0: Ball
2-0: Called Strike
2-1: Fly out, F7 (Flyball, 7LM, EV 76.2 MPH)
Bottom of the 5th over - 1 run, 1 hit, 0 errors, 2 left on base; Port Royal 1 - Forest City 2
TOP OF THE 6TH
Port Royal Disaster batting - Pitching for Forest City Warriors : LHP Lawrence Lane
Batting: RHB Anson Darrah 0-0: Called Strike
0-1: Swinging Strike
0-2: Ground out 5-3 (Groundball, 56S, EV 82.5 MPH)
Batting: RHB Bryant Dixon 0-0: Swinging Strike
0-1: Ball
1-1: Fly out, F3 (Line Drive, 3, EV 70.6 MPH)
Batting: RHB Sean Wallace 0-0: Ball
1-0: Ball
2-0: Ground out 6-3 (Groundball, 6MS, EV 74.4 MPH)
Top of the 6th over - 0 runs, 0 hits, 0 errors, 0 left on base; Port Royal 1 - Forest City 2
BOTTOM OF THE 6TH
Forest City Warriors batting - Pitching for Port Royal Disaster : LHP Dean Cross
Batting: RHB Charlie Cummings 0-0: Ball
1-0: Hit by Pitch
Batting: RHB Cristo Correa Jr. 0-0: Ball
Charlie Cummings is caught stealing 2nd base 2-4
1-0: Swinging Strike
1-1: Fly out, F7 (Flyball, 7LM, EV 86.9 MPH)
Batting: LHB Danny Rodríguez 0-0: Called Strike
0-1: Foul Ball, location: 2F
0-2: Ball
1-2: Ground out U3 (Groundball, 3, EV 87.5 MPH)
Bottom of the 6th over - 0 runs, 0 hits, 0 errors, 0 left on base; Port Royal 1 - Forest City 2
TOP OF THE 7TH
Port Royal Disaster batting - Pitching for Forest City Warriors : LHP Lawrence Lane
Batting: RHB Tomás Martí 0-0: Ball
1-0: SOLO HOME RUN (Flyball, 7D, EV 98.8 MPH), Distance : 380 ft
Batting: RHB Mario Álvarez 0-0: Ball
1-0: Called Strike
1-1: Called Strike
1-2: Ball
2-2: Ball
3-2: Foul Ball, location: 2F
3-2: Foul Ball, location: 2F
3-2: Foul Ball, location: 2F
3-2: Base on Balls
Batting: RHB Gerold Kent 0-0: Bunted foul
0-1: Sac Bunt to 15S - play at first, batter OUT! 1-4
Mario Álvarez to second
Batting: RHB Louie Kennard 0-0: Swinging Strike
0-1: Called Strike
0-2: Foul Ball, location: 2F
0-2: Ball
1-2: Strikes out swinging
Pitching: RHP Forest Bell
Batting: RHB Sean Roberts 0-0: Called Strike
0-1: Called Strike
0-2: Ball
1-2: Ball
2-2: Foul Ball, location: 2F
2-2: Strikes out swinging
Top of the 7th over - 1 run, 1 hit, 0 errors, 1 left on base; Port Royal 2 - Forest City 2
BOTTOM OF THE 7TH
Forest City Warriors batting - Pitching for Port Royal Disaster : LHP Dean Cross
Batting: RHB Lawrence Stokes 0-0: Ball
1-0: Ball
2-0: Fly out, F8 (Flyball, 8LD, EV 104.4 MPH)
Batting: RHB José Álvarez 0-0: Ball
1-0: Ball
2-0: Foul Ball, location: 2F
2-1: Ball
3-1: Base on Balls
Batting: RHB Paco González 0-0: Ball
1-0: Ball
2-0: Called Strike
2-1: Ball
3-1: Swinging Strike
3-2: Strikes out swinging
Pitching: LHP Maurice Hilliard
Batting: RHB Sam Hamilton 0-0: Ground out 4-3 (Groundball, 4, EV 81.9 MPH)
Bottom of the 7th over - 0 runs, 0 hits, 0 errors, 1 left on base; Port Royal 2 - Forest City 2
TOP OF THE 8TH
Port Royal Disaster batting - Pitching for Forest City Warriors : RHP Forest Bell
Batting: RHB Michael Brannon 0-0: Foul Ball, location: 2F
0-1: Ball
1-1: Foul Ball, location: 2F
1-2: Hit by Pitch
Batting: RHB Anson Darrah 0-0: Called Strike
0-1: Foul Ball, location: 2F
0-2: Foul Ball, location: 2F
0-2: Ball
1-2: Foul Ball, location: 2F
1-2: Fly out, F4 (Popup, 3D, EV 50.0 MPH)
Batting: RHB Bryant Dixon 0-0: Swinging Strike
0-1: Ball
1-1: Called Strike
1-2: Strikes out swinging
Batting: RHB Sean Wallace 0-0: Foul Ball, location: 2F
0-1: Swinging Strike
0-2: Ball
1-2: Ball
2-2: Strikes out looking
Top of the 8th over - 0 runs, 0 hits, 0 errors, 1 left on base; Port Royal 2 - Forest City 2
BOTTOM OF THE 8TH
Forest City Warriors batting - Pitching for Port Royal Disaster : LHP Maurice Hilliard
Batting: RHB Dale Epner 0-0: Called Strike
0-1: Ball
1-1: Ball
2-1: Foul Ball, location: 2F
2-2: Ball
3-2: Ground out 6-3 (Groundball, 6, EV 83.1 MPH)
Batting: SHB Esteban Piñeiro 0-0: Called Strike
0-1: Ball
1-1: Ground out 4-3 (Groundball, 4, EV 80.6 MPH)
Batting: RHB Charlie Cummings 0-0: Ball
1-0: Fly out, F7 (Line Drive, 7, EV 89.4 MPH)
Bottom of the 8th over - 0 runs, 0 hits, 0 errors, 0 left on base; Port Royal 2 - Forest City 2
TOP OF THE 9TH
Port Royal Disaster batting - Pitching for Forest City Warriors : RHP Forest Bell
Batting: RHB Tomás Martí 0-0: Called Strike
0-1: Ball
1-1: Ground out 5-3 (Groundball, 56, EV 90.6 MPH)
Batting: RHB Mario Álvarez 0-0: Called Strike
0-1: Called Strike
0-2: Strikes out swinging
Batting: RHB Gerold Kent 0-0: Ball
1-0: Swinging Strike
1-1: Foul Ball, location: 2F
1-2: Fly out, F8 (Flyball, 8RD, EV 91.2 MPH)
Top of the 9th over - 0 runs, 0 hits, 0 errors, 0 left on base; Port Royal 2 - Forest City 2
BOTTOM OF THE 9TH
Forest City Warriors batting - Pitching for Port Royal Disaster : LHP Maurice Hilliard
Batting: RHB Cristo Correa Jr. 0-0: Ball
1-0: Foul Ball, location: 2F
1-1: Swinging Strike
1-2: Foul Ball, location: 2F
1-2: Ball
2-2: Foul Ball, location: 2F
2-2: Foul Ball, location: 2F
2-2: Foul Ball, location: 2F
2-2: Fly out, F8 (Flyball, 8RD, EV 93.8 MPH)
Pinch Hitting: RHB Germán Gracía 0-0: Ball
1-0: Fly out, F7 (Flyball, 7S, EV 88.8 MPH)
Batting: RHB Lawrence Stokes 0-0: Ball
1-0: Ball
2-0: Ball
3-0: Called Strike
3-1: Swinging Strike
3-2: Base on Balls
Pitching: RHP Felipe Deleón
Batting: RHB José Álvarez 0-0: Ball
1-0: Fielders Choice at 2nd, 6-4 (Groundball, 6D, EV 106.9 MPH)
Bottom of the 9th over - 0 runs, 0 hits, 0 errors, 1 left on base; Port Royal 2 - Forest City 2
TOP OF THE 10TH
Port Royal Disaster batting - Pitching for Forest City Warriors : RHP Forest Bell
Pitching: RHP Mariano Bueno
Now in LF: Ernest Franks
Batting: RHB Louie Kennard 0-0: Called Strike
0-1: Called Strike
0-2: Ball
1-2: Foul Ball, location: 2F
1-2: Foul Ball, location: 2F
1-2: Foul Ball, location: 2F
1-2: Ball
2-2: SINGLE (Groundball, 6MD, EV 107.5 MPH)
Batting: RHB Sean Roberts 0-0: Grounds into double play, 5-4-3 (Groundball, 5, EV 91.2 MPH)
Batting: RHB Michael Brannon 0-0: Ball
1-0: SINGLE (Flyball, 8LS, EV 95.0 MPH)
Batting: RHB Anson Darrah 0-0: Called Strike
0-1: Ball
1-1: SINGLE (Groundball, 25, EV 68.8 MPH) (infield hit)
Michael Brannon to second
Batting: RHB Bryant Dixon 0-0: Called Strike
0-1: Ground out 4-3 (Groundball, 4, EV 86.2 MPH)
Top of the 10th over - 0 runs, 3 hits, 0 errors, 2 left on base; Port Royal 2 - Forest City 2
BOTTOM OF THE 10TH
Forest City Warriors batting - Pitching for Port Royal Disaster : RHP Felipe Deleón
Pinch Hitting: LHB Pat Carter 0-0: Called Strike
0-1: Fly out, F7 (Line Drive, 7D, EV 88.8 MPH)
Pinch Hitting: LHB Derek Healey 0-0: Called Strike
0-1: Ball
1-1: Fly out, F9 (Flyball, 9, EV 85.6 MPH)
Batting: RHB Dale Epner 0-0: Ball
1-0: Ball
2-0: Ball
3-0: Called Strike
3-1: Swinging Strike
3-2: Ground out 4-3 (Groundball, 4, EV 104.4 MPH)
Bottom of the 10th over - 0 runs, 0 hits, 0 errors, 0 left on base; Port Royal 2 - Forest City 2
TOP OF THE 11TH
Port Royal Disaster batting - Pitching for Forest City Warriors : RHP Mariano Bueno
Pitching: RHP Vicente López
Now at C: Yu-bao Wie
Now at SS: Roberto Ramos
Batting: RHB Sean Wallace 0-0: Ball
1-0: SINGLE (Line Drive, 4D, EV 95.0 MPH)
Batting: RHB Tomás Martí 0-0: Ball
1-0: Ball
2-0: Bunted foul
2-1: Bunt missed!
2-2: Ball
3-2: Base on Balls
Sean Wallace to second
Batting: RHB Mario Álvarez 0-0: Ball
1-0: Fielders Choice at 2nd, 6-4 (Groundball, 56, EV 83.8 MPH)
Sean Wallace to third
Batting: RHB Gerold Kent 0-0: Ball
1-0: Called Strike
1-1: Swinging Strike
1-2: Ball
2-2: SINGLE (Groundball, 56D, EV 111.2 MPH)
Sean Wallace scores
Mario Álvarez to second
Batting: RHB Louie Kennard 0-0: Called Strike
0-1: Ball
1-1: Grounds into double play, 4-6-3 (Groundball, 4M, EV 90.6 MPH)
Top of the 11th over - 1 run, 2 hits, 0 errors, 1 left on base; Port Royal 3 - Forest City 2
BOTTOM OF THE 11TH
Forest City Warriors batting - Pitching for Port Royal Disaster : RHP Felipe Deleón
Now at 2B: Leilani Aberahama
Batting: SHB Esteban Piñeiro 0-0: Ground out 1-3 (Groundball, 34S, EV 66.2 MPH)
Batting: RHB Charlie Cummings 0-0: Ball
1-0: Ground out 6-3 (Groundball, 6M, EV 110.0 MPH)
Batting: RHB Cristo Correa Jr. 0-0: Foul Ball, location: 2F
0-1: Ball
1-1: Called Strike
1-2: Ground out 6-3 (Groundball, 56, EV 102.5 MPH)
Bottom of the 11th over - 0 runs, 0 hits, 0 errors, 0 left on base; Port Royal 3 - Forest City 2
Friday, March 26th, 2021 - OOTP Baseball 20.8 Build 74